 Dungeon Crawl Stone Soup version 0.25.1-1-g288607f5aa (webtiles) character file.

Game seed: 13919026719946065549

1143 Superazbuka the Ruffian (level 8, -3/66 HPs)
             Began as a Black Draconian Transmuter on July 22, 2020.
             Was a Follower of Cheibriados.
             Slain by an ice beast (6 damage)
             ... on level 4 of the Dungeon.
             The game lasted 00:11:20 (7911 turns).

Superazbuka the Ruffian (DrTm)                      Turns: 7911, Time: 00:11:21

Health: -3/66      AC:  7    Str: 16    XL:     8   Next: 15%
Magic:  13/13      EV: 14    Int: 17    God:    Cheibriados [*.....]
Gold:   229        SH:  0    Dex: 13    Spells: 8/14 levels left

rFire    . . .     SeeInvis +     - Unarmed
rCold    . . .     Gourm    .   (no shield)
rNeg     . . .     Faith    .   (armour unavailable)
rPois    .         Spirit   .   (helmet restricted)
rElec    +         Reflect  .   t - scarf {repulsion}
rCorr    .         Harm     .   h - +0 pair of gloves
MR       +....                  (boots currently unavailable)
Stlth    +.........             e - amulet of inaccuracy (curse)
HPRegen  0.21/turn              r - ring of see invisible (curse)
MPRegen  0.13/turn              q - ring of protection from magic

@: appendage (expiring), repel missiles, very slow
A: breathe lightning, unfitting armour, talons 3, electricity resistance,
cold-blooded, AC +6
a: Breathe Lightning, End Transformation, Bend Time, Renounce Religion


You were on level 4 of the Dungeon.
You worshipped Cheibriados.
Cheibriados was aware of your devotion.
You were not hungry.
You had grown temporary talons.
You visited 2 branches of the dungeon, and saw 7 of its levels.

You collected 229 gold pieces.

Inventory:

Missiles
 a - 91 arrows
Armour
 h - a +0 pair of gloves (worn)
 t - a scarf of repulsion (worn)
Jewellery
 e - a cursed amulet of inaccuracy (around neck)
 o - an uncursed ring of flight
 q - a ring of protection from magic (right hand)
 r - a cursed ring of see invisible (left hand)
Scrolls
 g - 3 scrolls of teleportation
 i - a scroll of blinking
 n - a scroll of enchant weapon {unknown}
 s - a scroll of enchant armour {unknown}
Potions
 b - a potion of ambrosia
 f - a potion of cancellation {unknown}
 j - 3 potions of mutation
 k - a potion of berserk rage {unknown}
 l - 2 potions of haste
 m - a potion of flight {unknown}
 p - 3 potions of curing
Comestibles
 c - 6 rations


   Skills:
 + Level 3.6 Fighting
 + Level 3.8 Dodging
 - Level 0.3 Stealth
 + Level 5.1 Unarmed Combat
 + Level 3.9 Spellcasting
 + Level 4.3 Transmutations
 - Level 4.0 Poison Magic


You had 8 spell levels left.
You knew the following spells:

 Your Spells              Type           Power        Failure   Level  Hunger
a - Beastly Appendage     Tmut           ###...       2%          1    None
b - Sticks to Snakes      Tmut           ###.....     4%          2    ##.....
c - Spider Form           Tmut/Pois      ###.......   9%          3    ###....

Your spell library contained the following spells:

 Spells                   Type           Power        Failure   Level  Hunger
 Ice Form                 Ice/Tmut       ##......     54%         4    ####...
 Blade Hands              Tmut           ###.......   58%         5    ######.


Dungeon Overview and Level Annotations

Branches:
Dungeon (6/15)             Temple (1/1) D:5

Altars:
Ashenzari
Cheibriados
Dithmenos
Elyvilon
Gozag
Hepliaklqana
Kikubaaqudgha
Makhleb
Nemelex Xobeh
Ru
Sif Muna
Uskayaw
Vehumet
Xom
Yredelemnul
Zin

Annotations:
D:4 1 runed translucent door, Crazy Yiuf


Innate Abilities, Weirdness & Mutations

You can breathe wild blasts of lightning.
Your glossy black scales are hard. (AC +6)
You cannot fit into any form of body armour.
You are resistant to electric shocks. (rElec)
You are cold-blooded and may be slowed by cold attacks.
You have claws for feet.


Message History

The ice beast barely misses you.
You hit the ice beast. Your kick misses the ice beast.
The ice beast is severely wounded.
You miss the ice beast. Your kick misses the ice beast.
Your tail-slap misses the ice beast.
The ice beast is severely wounded.
Your transformation is almost over.
The ice beast hits you. The ice beast freezes you.
You hit the ice beast. You claw the ice beast.
The ice beast is almost dead.
The ice beast hits you.
* * * LOW HITPOINT WARNING * * *
The ice beast freezes you!
* * * LOW HITPOINT WARNING * * *
You hit the ice beast but do no damage.
The ice beast is almost dead.
The ice beast hits you.
* * * LOW HITPOINT WARNING * * *
The ice beast freezes you.
You die...

#.......# #.##### #.#....#
#.#####.# #.....# #....... #.#
#.# #####.########..#.#..
#.#####.# #......>....#.#..
........# #..#######..#.##.
#.####### #..# #..#.##.
#.########## #..#######..#.##.
...........######..##.......#.##.
..########......@Y..>..........#.
.## ########..##.##.##.#..#. .#
#..##.##.##.#..#. .#
#########..##.##.##.#..#. .#
#.......#..##.##.##.#..#. .#
####.......#..##.##.##.#..## .#
#......................#.... .#
#.##......)......##.#####..#
.#####.##.....<.########.# ##..


You could see an ice beast.

Vanquished Creatures
  An ogre (D:5)
  A centaur (D:3)
  2 bullfrogs
  A water moccasin skeleton (D:5)
  2 scorpions
  2 vampire bats (D:5)
  3 crimson imps (D:5)
  A hound (D:5)
  A bullfrog zombie (D:6)
  2 orc wizards (D:4)
  A bullfrog skeleton (D:4)
  A centaur skeleton (D:4)
  An iguana (D:4)
  4 worker ants
  A hound skeleton (D:5)
  A worker ant zombie (D:5)
  5 adders
  A shadow imp (D:5)
  3 oozes
  An adder zombie (D:5)
  2 adder skeletons (D:4)
  3 worms
  3 dart slugs
  5 leopard geckos
  11 orcs
  10 bats
  3 bat skeletons (D:5)
  3 bat zombies (D:5)
  5 giant cockroaches
  2 goblins
  8 hobgoblins
  13 jackals
  9 kobolds
  2 quokkas
  8 frilled lizards
  A jackal skeleton (D:4)
  A leopard gecko skeleton (D:5)
  A quokka skeleton (D:5)
  A quokka zombie (D:5)
  7 rats
133 creatures vanquished.

Vanquished Creatures (others)
  A centaur (D:5)
  A hound (D:5)
  A jelly (D:5)
  An adder (D:5)
  A leopard gecko (D:5)
5 creatures vanquished.

Grand Total: 138 creatures vanquished

Notes
Turn   | Place    | Note
-------+----------+-------------------------------------------
     0 | D:1      | Superazbuka the Draconian Transmuter began the quest for
                  | the Orb.
     0 | D:1      | Reached XP level 1. HP: 16/16 MP: 3/3
   471 | D:1      | Reached XP level 2. HP: 22/23 MP: 3/5
  1186 | D:1      | Reached XP level 3. HP: 28/28 MP: 4/6
  1678 | D:2      | Found a sacrificial altar of Ru.
  2135 | D:2      | Found a shadowy altar of Dithmenos.
  2246 | D:2      | Reached XP level 4. HP: 35/35 MP: 5/7
  2502 | D:3      | Noticed a centaur
  2526 | D:3      | Killed a centaur
  2526 | D:3      | Reached skill level 4 in Unarmed Combat
  2526 | D:3      | Reached XP level 5. HP: 8/40 MP: 6/9
  2769 | D:2      | Learned a level 2 spell: Sticks to Snakes
  2773 | D:2      | Learned a level 3 spell: Spider Form
  2921 | D:3      | Found a glowing silver altar of Zin.
  3232 | D:3      | Found an opulent altar of Gozag.
  3804 | D:4      | Reached skill level 1 in Poison Magic
  3928 | D:4      | Reached XP level 6. HP: 44/48 MP: 8/10
  4698 | D:4      | Found a hide-covered altar of Uskayaw.
  5346 | D:4      | Your scales start taking on a glossy black colour.
  5346 | D:4      | Reached XP level 7. HP: 51/56 MP: 11/11
  5346 | D:4      | Gained mutation: You are resistant to electric shocks.
                  | (rElec) [Black Draconian growth]
  5850 | D:4      | Found a runed translucent door.
  5851 | D:4      | Noticed Crazy Yiuf
  5895 | D:5      | Entered Level 5 of the Dungeon
  5924 | D:5      | Found a shimmering altar of Xom.
  6529 | D:5      | Found a staircase to the Ecumenical Temple.
  6538 | Temple   | Entered the Ecumenical Temple
  6581 | Temple   | Became a worshipper of Cheibriados the Contemplative
  6996 | D:5      | Found an ancient bone altar of Kikubaaqudgha.
  7169 | D:5      | Found a shadowy altar of Dithmenos.
  7289 | D:5      | Reached skill level 5 in Unarmed Combat
  7450 | D:5      | Reached * piety under Cheibriados
  7545 | D:5      | Reached XP level 8. HP: 57/63 MP: 13/13
  7891 | D:5      | HP: 2/66 [ice beast (13)]
  7911 | D:4      | HP: 3/66 [ice beast (2)]
  7911 | D:4      | Slain by an ice beast

Illustrated notes

Levels and vault maps discovered:
D:1:      sevenhm_arrival_forest_fort_large_2, layout_basic
D:2:      layout_loops_ring, nicolae_dithmenos_through_a_glass_darkly,
          nicolae_ru_sacrificial_ziggurat, kennysheep_flooded_box,
          minmay_domino_2
D:3:      layout_basic, overflow_temple_1_default,
          nicolae_overflow_crystal_walls, first_ration, kennysheep_potato
D:4:      layout_loops_ring, eat_drink_and_be_merry_uskayaw,
          uniq_crazy_yiuf_cottage
D:5:      layout_loops_ring, kennysheep_vampire_church, xom_confusion_cloud,
          minmay_temple_entry_poolview, basic_altar
D:6:      layout_cave_pools, grunt_qazlal_sundering, kennysheep_little_box,
          grunt_ministairs_14, chequers_serial_rivers_small_3,
          nemelex_lonely_heart_becter
Temple:   nicolae_temple_figure_zero

Skill      XL: |  1  2  3  4  5  6  7  8 |
---------------+-------------------------+-----
Dodging        | 2 3 |  3.8
Unarmed Combat | 4 5 |  5.1
Transmutations | 3 4 |  4.3
Poison Magic   | 1 2 3 4 |  4.0
Fighting       | 2 3 |  3.6
Spellcasting   | 3 |  3.9
Stealth        | |  0.3

Action                   |  1- 3 |  4- 6 |  7- 9 || total
-------------------------+-------+-------+-------++-------
Melee: Unarmed           |   193 |   238 |   547 ||   978
       Tailslap          |    23 |    25 |    40 ||    88
       Headbutt          |     7 |    13 |    21 ||    41
       Kick              |     9 |    18 |    21 ||    48
       Punch             |     3 |     3 |     6 ||    12
 Cast: Beastly Appendage |    26 |    31 |    28 ||    85
  Use: Scroll            |       |     8 |       ||     8
       Potion            |       |       |     3 ||     3
 Stab: Sleeping          |       |       |     2 ||     2
  Eat: Chunk             |     5 |     9 |     3 ||    17
       Ration            |       |       |     2 ||     2
Armor: Skin              |    65 |    72 |   216 ||   353
Dodge: Dodged            |   145 |   172 |   340 ||   657
